 Dungeon Crawl Stone Soup version 0.31-a0-1549-g5ff9445e89 (console) character file.

Game seed: 4949441057699214286

727 jejorda2 the Chopper (level 7, 0/60 HPs)
             Began as a Gnoll Berserker on Jan 2, 2024.
             Was a Priest of Trog.
             Succumbed to a water moccasin's poison
             ... on level 5 of the Dungeon.
             The game lasted 00:08:57 (2932 turns).

jejorda2 the Chopper (Gnoll Berserker)              Turns: 2932, Time: 00:09:00

Health: 0/60       AC: 15    Str: 18    XL:     7   Next: 72%
Magic:  10/10      EV:  6    Int:  7    God:    Trog [***...]
Gold:   140        SH:  4    Dex: 11    Spells: 11/11 levels left

rFire   . . .        a - +0 hand axe (elec)
rCold   . . .        d - +0 buckler
rNeg    . . .        w - +0 plate armour
rPois   .            (no helmet)
rElec   .            (no cloak)
rCorr   .            r - +0 pair of gloves
SInv    .            y - +1 pair of boots
Will    ++...        (no amulet) Stlth
                     (no ring)
HPRegen 1.30/turn    (no ring)
MPRegen 0.12/turn

%: no passive effects
@: lethally poisoned (0 -> -2), strong-willed, regenerating
A: fangs 1, strong nose, distributed training, low MP 1, inability to read after
injury 1
a: Renounce Religion, Berserk, Trog's Hand


You were on level 5 of the Dungeon.
You worshipped Trog.
Trog was most pleased with you.
You visited 1 branch of the dungeon, and saw 4 of its levels.
You also visited: Sewer.

You collected 215 gold pieces.
You spent 75 gold pieces at shops.

Inventory:

Hand Weapons
 a - a +0 hand axe of electrocution (weapon)
 b - the +5 hammer "Zobik" {protect, MP+9}
   (You found it on level 2 of the Dungeon)

   MP+9:      It affects your magic capacity (+9).
 h - a +0 hand axe
Missiles
 o - 9 poisoned darts
 t - a curare-tipped dart
Armour
 d - a +0 buckler (worn)
 q - the +2 leather armour of the Present {rC++ Regen+ Str+3 Dex-4}
   (You found it in a sewer)

   Str+3:     It affects your strength (+3).
   Dex-4:     It affects your dexterity (-4).
   rC++:      It greatly protects you from cold.
   Regen+:    It increases your rate of health regeneration.
 r - a +0 pair of gloves (worn)
 w - a +0 plate armour (worn)
 y - a +1 pair of boots (worn)
Scrolls
 c - a scroll of noise {unknown}
 e - 2 scrolls of teleportation {unknown}
 f - 2 scrolls of poison {unknown}
 i - a scroll of revelation {unknown}
 k - 5 scrolls of identify {unknown}
 l - a scroll of silence {unknown}
 p - a scroll of enchant armour {unknown}
 s - a scroll of vulnerability {unknown}
 x - a scroll of summoning {unknown}
Potions
 m - 2 potions of mutation
 n - a potion of haste
 v - a potion of degeneration {unknown}


   Skills:
 + Level 7.1 Fighting
 + Level 2.8 Short Blades
 + Level 2.8 Long Blades
 + Level 7.1 Axes
 + Level 2.8 Maces & Flails
 + Level 2.8 Polearms
 + Level 2.8 Staves
 + Level 2.8 Ranged Weapons
 + Level 2.8 Throwing
 + Level 5.4 Armour
 + Level 5.4 Dodging
 + Level 2.8 Stealth
 + Level 2.8 Shields
 + Level 2.8 Unarmed Combat
 + Level 2.8 Spellcasting
 + Level 2.2 Conjurations
 + Level 2.2 Hexes
 + Level 2.2 Summonings
 + Level 2.2 Necromancy
 + Level 2.2 Translocations
 + Level 2.2 Fire Magic
 + Level 2.2 Ice Magic
 + Level 2.2 Air Magic
 + Level 2.2 Earth Magic
 + Level 2.2 Alchemy
 + Level 3.1 Invocations
 + Level 2.8 Evocations
 + Level 2.5 Shapeshifting


You had 11 spell levels left.
You didn't know any spells.
Your spell library was empty.

Dungeon Overview and Level Annotations

Branches:
Dungeon (3/15)              Sewer (visited)

Altars:

Shops:
D:1 *


Innate Abilities, Weirdness & Mutations

You have very sharp teeth.
Your uncanny sense of smell can sniff out nearby items.
Your experience applies equally to all skills.
Your magical capacity is low. (-10% MP)
You occasionally lose the ability to read scrolls when taking damage.


Message History

The water moccasin is heavily wounded.
You feel very sick. The water moccasin bites you.
* * * LOW HITPOINT WARNING * * *
You are lethally poisoned!
The water moccasin poisons you!
It was a potion of enlightenment.
You feel very buoyant.
You fly up into the air.
* * * LOW HITPOINT WARNING * * *
You feel very sick.
The water moccasin bites you but does no damage.
Your skin crawls.
You feel strong-willed.
* * * LOW HITPOINT WARNING * * *
You feel very sick. The water moccasin barely misses you.
The water moccasin bites you but does no damage.
It was a potion of mutation.
You feel extremely strange.
You feel less energetic.
You occasionally lose the ability to read scrolls when taking damage.
* * * LOW HITPOINT WARNING * * *
You feel very sick.
The water moccasin bites you but does no damage.
It was a potion of haste.
You feel yourself speed up.
* * * LOW HITPOINT WARNING * * *
You feel very sick. The water moccasin barely misses you.
You block the water moccasin's attack.
It was a potion of might.
You feel very mighty all of a sudden.
* * * LOW HITPOINT WARNING * * *
You feel sick.
The water moccasin bites you but does no damage.
It was a potion of cancellation.
Your magical effects are unravelling.
You feel magically purged.
You feel yourself slow down.
You float gracefully downwards.
You feel a little less mighty now.
Your enlightenment fades.
You die...

........#.#.#.. ..
#...#.#.#...#.#.#...#
##.#.#...........#.#.
..#....##.....##.....
#.##...............#
#.##....#.###.#.^..# ..
#.##...............#....
#.#..†.##.....##.S.....#
#.##.#..........@#
#....#.#.#...#.#.#
#.########.#.##### #.#
##### ..# ∆ #######
....... ####### ......#


You could see a water moccasin.

Vanquished Creatures
  Sigmund (D:2)
  An orc warrior (D:3)
  3 kobold brigands (Sewer)
  A bombardier beetle (D:5)
  Crazy Yiuf (D:2)
  Terence (D:2)
  6 river rats
  4 adders (Sewer)
  3 dart slugs
  2 ribbon worms (D:2)
  7 orcs (D:3)
  3 endoplasms
  3 giant cockroaches
  7 goblins
  4 hobgoblins
  5 quokkas
  6 ball pythons
  4 bats
  7 frilled lizards
  15 kobolds
  21 rats
105 creatures vanquished.

Notes
Turn   | Place    | Note
-------+----------+-------------------------------------------
     0 | D:1      | jejorda2 the Gnoll Berserker began the quest for the Orb.
     0 | D:1      | Reached XP level 1. HP: 23/23 MP: 1/1
   141 | D:1      | Reached XP level 2. HP: 29/29 MP: 2/2
   302 | D:1      | Reached XP level 3. HP: 31/35 MP: 3/3
   499 | D:1      | Found Oschul's Assorted Antiques.
   513 | D:1      | Bought a scroll labelled FOSUUT HI TAI for 25 gold pieces
   513 | D:1      | Bought a scroll labelled VIPHIS JUURUUB for 25 gold pieces
   513 | D:1      | Bought a scroll labelled LONGICW FEJY for 25 gold pieces
   637 | D:2      | Reached ** piety under Trog
   713 | D:2      | Reached skill level 1 in Invocations
   792 | D:2      | Found a runed translucent door.
   793 | D:2      | Noticed Crazy Yiuf
   800 | D:2      | Killed Crazy Yiuf
   801 | D:2      | Reached skill level 1 in Short Blades
   801 | D:2      | Reached skill level 1 in Long Blades
   801 | D:2      | Reached skill level 1 in Maces & Flails
   801 | D:2      | Reached skill level 1 in Polearms
   801 | D:2      | Reached skill level 1 in Staves
   801 | D:2      | Reached skill level 1 in Ranged Weapons
   801 | D:2      | Reached skill level 1 in Throwing
   801 | D:2      | Reached skill level 1 in Stealth
   801 | D:2      | Reached skill level 1 in Shields
   801 | D:2      | Reached skill level 1 in Unarmed Combat
   801 | D:2      | Reached skill level 1 in Spellcasting
   801 | D:2      | Reached skill level 1 in Evocations
   801 | D:2      | Reached skill level 1 in Shapeshifting
   801 | D:2      | Reached XP level 4. HP: 41/41 MP: 5/5
   813 | D:2      | Identified the +5 hammer "Zobik" {protect, MP+9}
   929 | D:2      | Noticed Sigmund
   948 | D:2      | Killed Sigmund
   949 | D:2      | Reached skill level 1 in Conjurations
   949 | D:2      | Reached skill level 1 in Hexes
   949 | D:2      | Reached skill level 1 in Summonings
   949 | D:2      | Reached skill level 1 in Necromancy
   949 | D:2      | Reached skill level 1 in Translocations
   949 | D:2      | Reached skill level 1 in Fire Magic
   949 | D:2      | Reached skill level 1 in Ice Magic
   949 | D:2      | Reached skill level 1 in Air Magic
   949 | D:2      | Reached skill level 1 in Earth Magic
   949 | D:2      | Reached skill level 1 in Alchemy
   949 | D:2      | Reached XP level 5. HP: 38/47 MP: 5/7
   994 | D:2      | Reached XP level 6. HP: 53/53 MP: 8/8
  1058 | D:2      | Noticed Terence
  1064 | D:2      | Killed Terence
  1472 | D:3      | Found a glowing drain.
  1505 | D:3      | Reached skill level 5 in Armour
  1505 | D:3      | Reached skill level 5 in Dodging
  1550 | Sewer    | Entered a sewer
  1982 | Sewer    | Reached XP level 7. HP: 44/60 MP: 10/10
  1987 | Sewer    | Identified the +2 leather armour of the Present {rC++
                  | Regen+ Str+3 Dex-4}
  2467 | D:3      | Reached *** piety under Trog
  2843 | D:3      | You fall into a shaft and drop 2 floors!
  2843 | D:5      | Entered Level 5 of the Dungeon
  2929 | D:5      | Gained mutation: Your magical capacity is low. (-10% MP)
                  | [potion of mutation]
  2929 | D:5      | Gained mutation: You occasionally lose the ability to read
                  | scrolls when taking damage. [potion of mutation]
  2930 | D:5      | HP: 2/60 [poisoned by a water moccasin]
  2932 | D:5      | Succumbed to a water moccasin's poison

Illustrated notes

Levels and vault maps discovered:
D:1:      minmay_arrival_glassed_features, layout_rooms, serial_shops,
          nicolae_shop_tiny_waterfront, chequers_decorated_corner,
          hangedman_decor_peaks_small
D:2:      layout_basic, serial_aquarium, aquarium_bridge_island_small
          [aquarium_subvault_small_open, aquarium_subvault_bridge,
          aquarium_subvault_wall, aquarium_subvault_bridge,
          aquarium_subvault_bridge], aquarium_window_2, aquarium_window_fake,
          aquarium_window_1, aquarium_window_2, aquarium_view_2d,
          aquarium_view_2c, aquarium_balcony_5b, uniq_crazy_yiuf_cottage,
          uniq_terence, uniq_sigmund
D:3:      layout_basic, portal_sewer_entry_b, minmay_misc_feat_pillars,
          grunt_decor_cap, glass_columns_a
D:5:      nicolae_cairo_tiling_large_dashed, layout_basic,
          dreamdust_mushroom_princess, uniq_edmund

Skill      XL: |  1  2  3  4  5  6  7 |
---------------+----------------------+-----
Invocations    | 1 2 3 |  3.1
Short Blades   | 1 2 |  2.8
Long Blades    | 1 2 |  2.8
Maces & Flails | 1 2 |  2.8
Polearms       | 1 2 |  2.8
Staves         | 1 2 |  2.8
Ranged Weapons | 1 2 |  2.8
Throwing       | 1 2 |  2.8
Stealth        | 1 2 |  2.8
Shields        | 1 2 |  2.8
Unarmed Combat | 1 2 |  2.8
Spellcasting   | 1 2 |  2.8
Evocations     | 1 2 |  2.8
Shapeshifting  | 1 2 |  2.5
Conjurations   | 1 2 |  2.2
Hexes          | 1 2 |  2.2
Summonings     | 1 2 |  2.2
Necromancy     | 1 2 |  2.2
Translocations | 1 2 |  2.2
Fire Magic     | 1 2 |  2.2
Ice Magic      | 1 2 |  2.2
Air Magic      | 1 2 |  2.2
Earth Magic    | 1 2 |  2.2
Alchemy        | 1 2 |  2.2
Armour         | 5 |  5.4
Dodging        | 5 |  5.4
Fighting       | 7 |  7.1
Axes           | 7 |  7.1

Action                     |  1- 3 |  4- 6 |  7- 9 || total
---------------------------+-------+-------+-------++-------
  Melee: Hand axe          |    96 |   204 |    45 ||   345
         Bite              |     8 |    16 |     8 ||    32
         Mace              |       |       |    22 ||    22
 Invoke: Berserk           |     1 |     2 |     2 ||     5
         Trog's Hand       |       |     2 |     1 ||     3
    Use: Potion            |       |       |     5 ||     5
 Armour: Animal skin       |    24 |       |       ||    24
         Scale mail        |    20 |   133 |    17 ||   170
         Ring mail         |     1 |       |       ||     1
         Plate armour      |       |       |    33 ||    33
  Dodge: Dodged            |    53 |    91 |    20 ||   164
  Block: Buckler           |     7 |    30 |    10 ||    47

Table legend: (Time is in decaauts)
 A = Elapsed time spent in this place.
 B = Non-inter-level travel time spent in this place.
 C = Inter-level travel time spent in this place.
 D = Time resting spent in this place.
 E = Time spent auto-exploring this place.
 F = Levels seen in this place.
 G = Mean time per level.
                   A        B        C        D        E       F      G
               +--------+--------+--------+--------+--------+-----+--------+
         Total |   3001 |   2961 |     40 |     99 |   1898 |   5 |  600.2 |
       Dungeon |   2291 |   2251 |     40 |     91 |   1534 |   4 |  572.8 |
         Sewer |    710 |    710 |      0 |      8 |    363 |   1 |  710.0 |
               +--------+--------+--------+--------+--------+-----+--------+

Top non-repeatable levels by time:
     D:2: 940 daAuts
   Sewer: 710 daAuts
     D:3: 707 daAuts
     D:1: 555 daAuts
     D:5: 88 daAuts
